 Dungeon Crawl Stone Soup version 0.30.1-3-gfc49f6343a (webtiles) character file.

Game seed: 17703416239768975246

1209 Wiggles the Cleaver (level 8, -4/71 HPs)
             Began as a Minotaur Berserker on Aug 8, 2023.
             Was a Priest of Trog.
             Succumbed to a water moccasin's poison
             ... on level 6 of the Dungeon.
             The game lasted 00:06:04 (4072 turns).

Wiggles the Cleaver (Minotaur Berserker)            Turns: 4072, Time: 00:06:04

Health: -4/71      AC:  9    Str: 31    XL:     8   Next: 22%
Magic:  7/7        EV:  6    Int:  4    God:    Trog [***...]
Gold:   346        SH:  3    Dex:  9    Spells: 7/7 levels left

rFire   + . .        a - +0 hand axe
rCold   + . .        u - +0 buckler
rNeg    . . .        f - +0 gold dragon scales
rPois   +            (helmet restricted)
rElec   .            (no cloak)
rCorr   .            v - +0 pair of gloves
SInv    .            (no boots)
Will    .....        (no amulet) Stlth
                     o - +6 ring of strength
HPRegen 0.31/turn    (no ring)
MPRegen 0.10/turn

%: no passive effects
@: lethally poisoned (-4 -> -21), corroded, on berserk cooldown, slowed, very
slow
A: horns 2, retaliatory headbutt
a: Renounce Religion, Berserk, Trog's Hand


You were on level 6 of the Dungeon.
You worshipped Trog.
Trog was most pleased with you.
You visited 1 branch of the dungeon, and saw 6 of its levels.

You collected 346 gold pieces.

Inventory:

Hand Weapons
 a - a +0 hand axe (weapon)
Armour
 f - +0 gold dragon scales (worn)
 u - a +0 buckler (worn)
 v - a +0 pair of gloves (worn)
Jewellery
 o - a +6 ring of strength (left hand)
Wands
 r - a wand of flame (13)
 w - a wand of paralysis (9)
Scrolls
 c - 8 scrolls of identify {unknown}
 d - 2 scrolls of brand weapon {unknown}
 g - a scroll of teleportation {unknown}
 h - 3 scrolls of acquirement {unknown}
 i - a scroll of torment {unknown}
 j - a scroll of blinking {unknown}
 l - a scroll of poison {unknown}
 q - 3 scrolls of enchant armour {unknown}
 s - a scroll of enchant weapon {unknown}
 t - a scroll of fear {unknown}
 y - a scroll of immolation {unknown}
Potions
 b - a potion of berserk rage {unknown}
 e - 2 potions of might {unknown}
 k - a potion of magic {unknown}
 m - a potion of degeneration {unknown}
 n - a potion of haste {unknown}
 p - a potion of resistance {unknown}
 x - 2 potions of mutation {unknown}
 z - a potion of curing {unknown}


   Skills:
 + Level 6.4 Fighting
 + Level 8.9 Axes
 + Level 6.8 Armour
 + Level 2.3 Dodging
 + Level 0.1 Stealth
 + Level 1.3 Shields


You had 7 spell levels left.
You didn't know any spells.
Your spell library was empty.

Dungeon Overview and Level Annotations

Branches:
Dungeon (6/15)             Temple (0/1) D:5

Altars:
Cheibriados
Hepliaklqana
Kikubaaqudgha
Ru
Zin


Innate Abilities, Weirdness & Mutations

You have a pair of horns on your head.
You reflexively headbutt those who attack you in melee.


Message History

The water moccasin bites you. You block the jelly's attack.
The adder bites you but does no damage. The water moccasin bites you.
The adder barely misses you. The jelly closely misses you.
You hit the jelly.
Your hands burn!
The jelly is severely wounded.
You miss the water moccasin. You miss the adder.
You feel very sick.
The water moccasin bites you but does no damage.
The adder barely misses you. The jelly hits you but does no damage.
The water moccasin barely misses you. The adder bites you but does no damage.
You slash the jelly!
You kill the jelly!
Trog accepts your kill.
You barely miss the adder. You closely miss the water moccasin.
You feel sick.
The water moccasin completely misses you.
The adder bites you but does no damage. The water moccasin bites you.
* * * LOW HITPOINT WARNING * * *
The adder bites you.
* * * LOW HITPOINT WARNING * * *
You feel sick. The water moccasin bites you.
* * * LOW HITPOINT WARNING * * *
The water moccasin bites you but does no damage.
The adder bites you but does no damage.
You hit the adder but do no damage.
The adder is heavily wounded.
You hit the water moccasin.
You feel sick.
The water moccasin completely misses you.
The adder bites you but does no damage.
The water moccasin bites you but does no damage.
You slash the adder!
You kill the adder!
Trog accepts your kill.
You slash the water moccasin!
You feel sick.
You are no longer poisoned.
The water moccasin bites you!
* * * LOW HITPOINT WARNING * * *
You are lethally poisoned!
The water moccasin poisons you!
The water moccasin bites you but does no damage.
You die...

.....)..# .
............>.....# ..
....[.[............ #.
..................######.
..................#......
..................#.#....
.........$........#......
........S.........######.
........@..†.............
..........†.......######.
.......(..........# #<
.....$............# #.
#..#.########.#.#.# #. ..
#. #.#.#.# #. . # #.#.#.#
#. #.#$#.. #. #.#.### #.


You could see a water moccasin.

Vanquished Creatures
  Sigmund (D:3)
  2 sky beasts (D:6)
  3 ogres (D:5)
  A centaur (D:5)
  A kobold brigand (D:6)
  A howler monkey (D:6)
  2 hounds (D:4)
  2 jellies (D:6)
  An orc priest (D:4)
  Jessica (D:3)
  An iguana (D:6)
  A sleepcap (D:6)
  An orc wizard (D:4)
  8 adders
  3 worms
  3 dart slugs
  2 orcs
  12 endoplasms
  3 giant cockroaches
  11 goblins
  8 hobgoblins
  2 jackals (D:5)
  7 quokkas
  7 ball pythons
  4 bats
  5 frilled lizards
  8 kobolds
  7 rats
108 creatures vanquished.

Notes
Turn   | Place    | Note
-------+----------+-------------------------------------------
     0 | D:1      | Wiggles the Minotaur Berserker began the quest for the Orb.
     0 | D:1      | Reached XP level 1. HP: 19/19 MP: 0/0
   155 | D:1      | Reached XP level 2. HP: 27/27 MP: 1/1
   217 | D:1      | Reached skill level 4 in Axes
   705 | D:1      | Reached XP level 3. HP: 34/34 MP: 2/2
   970 | D:2      | Reached ** piety under Trog
  1002 | D:2      | Found an ancient bone altar of Kikubaaqudgha.
  1128 | D:2      | Found a faded altar of an unknown god.
  1402 | D:3      | Reached XP level 4. HP: 41/41 MP: 3/3
  1473 | D:3      | Noticed Jessica
  1476 | D:3      | Killed Jessica
  1477 | D:3      | Reached skill level 5 in Axes
  1567 | D:3      | Found a snail-covered altar of Cheibriados.
  1570 | D:3      | Found a sacrificial altar of Ru.
  1639 | D:3      | Found a glowing silver altar of Zin.
  1640 | D:3      | Found a hazy altar of Hepliaklqana.
  1843 | D:3      | Reached XP level 5. HP: 42/47 MP: 4/4
  1904 | D:3      | Noticed Sigmund
  1914 | D:3      | Killed Sigmund
  1915 | D:3      | Reached skill level 5 in Fighting
  1915 | D:3      | Reached skill level 6 in Axes
  1915 | D:3      | Reached XP level 6. HP: 56/56 MP: 5/5
  2375 | D:4      | Reached skill level 5 in Armour
  2550 | D:4      | Reached *** piety under Trog
  2694 | D:5      | Entered Level 5 of the Dungeon
  2797 | D:5      | Reached skill level 7 in Axes
  2797 | D:5      | Reached XP level 7. HP: 20/61 MP: 6/6
  2940 | D:5      | Found a staircase to the Ecumenical Temple.
  3411 | D:5      | Reached skill level 8 in Axes
  4051 | D:6      | Reached XP level 8. HP: 70/70 MP: 7/7
  4054 | D:6      | Reached skill level 1 in Shields
  4071 | D:6      | HP: 1/71 [water moccasin (7)]
  4072 | D:6      | Succumbed to a water moccasin's poison

Illustrated notes

Levels and vault maps discovered:
D:1:      sevenhm_arrival_forest_fort_small_3, layout_basic
D:2:      layout_rooms, shapermc_ecumenical_altar_mp_urbaneastern, basic_altar
D:3:      layout_loops_ring, amethyst_overflow_temple_binary, tgw_xom,
          chequers_temple_overflow_statue_of_worship, uniq_jessica, uniq_sigmund
D:4:      layout_rooms
D:5:      layout_basic, minmay_temple_entry_drinking_statues
D:6:      layout_basic, grunt_ministairs_15

Skill      XL: |  1  2  3  4  5  6  7  8 |
---------------+-------------------------+-----
Fighting       | 4 5 6 |  6.4
Axes           | 4 5 6 7 8 |  8.9
Armour         | 3 4 5 6 |  6.8
Shields        | 1 |  1.3
Dodging        | |  2.3
Stealth        | |  0.1

Action                     |  1- 3 |  4- 6 |  7- 9 || total
---------------------------+-------+-------+-------++-------
  Melee: Hand axe          |    92 |   115 |    61 ||   268
         Headbutt          |    16 |    18 |     8 ||    42
         Punch             |       |     1 |       ||     1
 Invoke: Berserk           |       |     1 |     2 ||     3
 Armour: Animal skin       |     4 |       |       ||     4
         Gold dragon scale |    46 |    74 |    62 ||   182
  Dodge: Dodged            |    29 |    18 |    16 ||    63
  Block: Buckler           |       |     1 |    12 ||    13
